 Dungeon Crawl Stone Soup version 0.20.0-15-g7f486f2 (webtiles) character file.

56 raph the Grave Robber (level 3, 0/26 HPs)
             Began as a Hill Orc Necromancer on June 28, 2017.
             Slain by a goblin
             ... wielding a +0 dagger
             ... led by Robin
              (2 damage)
             ... on level 2 of the Dungeon.
             The game lasted 00:03:37 (2086 turns).

raph the Grave Robber (Hill Orc Necromancer)        Turns: 2086, Time: 00:03:38

Health: 0/26       AC:  3    Str: 10    XL:     3   Next: 95%
Magic:  1/6        EV: 12    Int: 16    God:
Gold:   91         SH:  0    Dex: 11    Spells: 4/6 levels left

rFire    + . .     SeeInvis .   k - +0 short sword
rCold    + . .     Gourm    .   (no shield)
rNeg     . . .     Faith    .   a - +0 robe
rPois    +         Spirit   .   (no helmet)
rElec    +         Reflect  .   l - +0 cloak
rCorr    +         Harm     .   (no gloves)
MR       .....                  (no boots)
Stlth    ++........             (no amulet)
Regen    0.1/turn               (no ring)
MPRegen  0.1/turn               (no ring)

@: resistant, drained
A: no striking features
a: no special abilities


You were on level 2 of the Dungeon.
You were hungry.

You visited 1 branch of the dungeon, and saw 2 of its levels.

You collected 91 gold pieces.

Inventory:

Hand Weapons
 k - a +0 short sword (weapon)
Armour
 a - a +0 robe (worn)
 g - a scarf of cloud immunity
 l - a +0 cloak (worn)
Scrolls
 e - a scroll of remove curse {unknown}
 f - 2 scrolls of random uselessness {unknown}
Potions
 d - a potion of magic {unknown}
 h - a potion of invisibility {unknown}
 i - 2 potions of resistance
Books
 b - a book of Necromancy

   Spells                             Type                      Level
   a - Pain                           Necromancy                   1
   b - Animate Skeleton               Necromancy                   1
   c - Vampiric Draining              Necromancy                   3
   d - Regeneration                   Charms/Necromancy            3
   e - Animate Dead                   Necromancy                   4
   f - Control Undead                 Necromancy                   4
Comestibles
 c - 2 bread rations
 j - 2 fruits
 m - a meat ration


   Skills:
 + Level 2.0(1.9) Dodging
 - Level 1.8(1.6) Stealth
 + Level 2.1(1.9) Spellcasting
 * Level 4.7(4.5) Necromancy


You had 4 spell levels left.
You knew the following spells:

 Your Spells              Type           Power        Failure   Level  Hunger
a - Pain                  Necr           ###.         3%          1    #......
b - Animate Skeleton      Necr           N/A          3%          1    #......


Dungeon Overview and Level Annotations

Branches:
Dungeon (2/15)

Altars:


Message History

Robin writhes in agony!
The goblin hits you with a dagger.
* * * LOW HITPOINT WARNING * * *
You hit Robin.
You kill Robin!
Your base Dodging skill increases to level 2!
The goblin hits you but does no damage.
You closely miss the goblin. The goblin barely misses you.
The goblin closely misses you.
It was a potion of resistance.
You feel protected.
The goblin no longer looks unusually strong.
The goblin barely misses you. x2
You hit the goblin.
You kill the goblin!
The goblin hits you with a dagger.
* * * LOW HITPOINT WARNING * * *
Items here: )))) / [[ †† The goblin barely misses you.
You closely miss the goblin. The goblin hits you with a dagger.
You die...

+.........'................
#.........####....#########
##...)...## ##......# ##.
##.....## #.#.##.# #.#
##...## #)#.##.# ##.
##+###### #......# #. ..#
###.#### #. #.# #.# #. #@#
#.# #. ...###g######.# #.
......)g)......# #.
#...###.######## #. ## #.#
#.# ..# ###


You could see 2 goblins.

Vanquished Creatures
  Robin (D:2)
  An adder (D:2)
  A dart slug (D:1)
  A leopard gecko (D:2)
  A ball python (D:1)
  2 bats (D:1)
  5 goblins
  8 hobgoblins
  2 jackals (D:2)
  2 kobolds (D:1)
  A rat (D:2)
25 creatures vanquished.

Vanquished Creatures (collateral kills)
  A leopard gecko (D:1)
  3 goblins (D:2)
  A kobold (D:2)
5 creatures vanquished.

Grand Total: 30 creatures vanquished

Notes
Turn   | Place    | Note
-------+----------+-------------------------------------------
     0 | D:1      | raph the Hill Orc Necromancer began the quest for the Orb.
     0 | D:1      | Reached XP level 1. HP: 14/14 MP: 3/3
   277 | D:1      | Learned a level 1 spell: Animate Skeleton
   661 | D:1      | Reached XP level 2. HP: 19/20 MP: 2/4
  1144 | D:2      | Reached XP level 3. HP: 24/26 MP: 2/5
  1296 | D:2      | Noticed Robin
  2079 | D:2      | Killed Robin
  2086 | D:2      | Slain by a goblin

Skill      XL: |  1  2  3 |
---------------+----------+-----
Spellcasting   | 2 |  2.1
Dodging        | 2 |  2.0
Stealth        | |  1.8
Necromancy     | |  4.7

Action                   || total
-------------------------++-------
Melee: Unarmed           ||     9
       Short sword       ||    28
 Cast: Pain              ||    54
       Animate Skeleton  ||    10
  Use: Potion            ||     1
  Eat: Chunk             ||     4
Armor: Robe              ||     8
Dodge: Dodged            ||    45
